 Dungeon Crawl Stone Soup version 0.26-a0-6-g448add79b7 (webtiles) character file.

Game seed: 17102164709525009692, levelgen mode: deterministic

5350 RaHiT the Fighter (level 10, -2/91 HPs)
             Began as a Ghoul Monk on May 24, 2020.
             Was an Elder of Yredelemnul.
             Slain by an orc warrior
             ... wielding a +0 glaive
              (16 damage)
             ... in a bailey.
             The game lasted 00:34:38 (9239 turns).

RaHiT the Fighter (Ghoul Monk)                      Turns: 9239, Time: 00:34:38

Health: -2/91      AC: 18    Str: 19    XL:     10   Next: 65%
Magic:  13/13      EV:  7    Int:  5    God:    Yredelemnul [****..]
Gold:   357        SH:  0    Dex: 11    Spells: 9/9 levels left

rFire    . . .     SeeInvis .     - Unarmed
rCold    + . .     Gourm    .   (no shield)
rNeg     + + +     Faith    .   a - +0 plate armour
rPois    ∞         Spirit   .   p - +0 helmet
rElec    .         Reflect  .   (no cloak)
rCorr    .         Harm     .   (no gloves)
MR       .....                  t - +2 pair of boots
Stlth    ..........             (no amulet)
HPRegen  0.00/turn              (no ring)
MPRegen  0.13/turn              (no ring)

@: mighty, very slightly contaminated, rotting, hasted, studying Armour, very
quick
A: rotting body, claws 1, carnivore, cold resistance 1, negative energy
resistance 3, inhibited regeneration, torment resistance, unbreathing
a: Recall Undead Slaves, Injury Mirror, Animate Dead, Drain Life, Renounce
Religion


You were in a bailey.
You worshipped Yredelemnul.
Yredelemnul was greatly pleased with you.
You were not hungry.

You visited 2 branches of the dungeon, and saw 9 of its levels.
You also visited: Sewer and Bailey.

You collected 357 gold pieces.

Inventory:

Hand Weapons
 v - a +0 arbalest
Missiles
 k - 234 bolts
 q - 19 poisoned darts (quivered)
 y - 2 boomerangs
Armour
 a - a +0 plate armour (worn)
 f - a cursed +0 cloak
 p - a +0 helmet (worn)
 t - a +2 pair of boots (worn)
Scrolls
 e - a scroll of fog
 g - a scroll of enchant weapon
 m - 2 scrolls of amnesia
 n - 6 scrolls of teleportation
 o - 6 scrolls of remove curse
 A - a scroll of magic mapping
Potions
 c - 2 potions of haste
 d - 2 potions of cancellation
 h - 12 potions of curing
 i - a potion of might
 j - 2 potions of ambrosia
 r - a potion of flight
 s - 2 potions of stabbing {unknown}
 u - 4 potions of heal wounds
 w - a potion of brilliance {unknown}
 x - a potion of resistance {unknown}
 z - a potion of lignification {unknown}
Books
 B - a manual of Armour
Comestibles
 b - 16 rations


   Skills:
 + Level 9.5 Fighting
 + Level 2.8 Throwing
 + Level 7.5 Armour
 - Level 2.6 Dodging
 - Level 2.1 Stealth
 + Level 9.5 Unarmed Combat
 - Level 6.0 Invocations


You had 9 spell levels left.
You didn't know any spells.
Your spell library contained the following spells:

 Spells                   Type           Power        Failure   Level  Hunger
 Gell's Gravitas          Tloc           #.........   100%        3    ####...
 Portal Projectile        Hex/Tloc       #.....       100%        3    ####...
 Dispersal                Tloc           #.........   100%        6    #######
 Controlled Blink         Tloc           N/A          100%        8    #######
 Disjunction              Tloc           #.........   100%        8    #######


Dungeon Overview and Level Annotations

Branches:
Dungeon (8/15)             Temple (1/1) D:6            Lair (0/6) D:8
  Sewer (visited)          Bailey (1/1)

Altars:
Ashenzari
Dithmenos
Gozag
Hepliaklqana
Makhleb
Nemelex Xobeh
Okawaru
Qazlal
Sif Muna
Trog
Uskayaw
Vehumet
Wu Jian
Xom
Yredelemnul

Annotations:
D:7 3 runed translucent doors, Masnef's ghost, novice OgSk


Innate Abilities, Weirdness & Mutations

Your body is rotting away.
You thrive on raw meat.
You are immune to poison.
You have sharp fingernails.
You are carnivorous and can eat meat at any time.
Your flesh is cold resistant. (rC+)
You are immune to negative energy. (rN+++)
You do not regenerate when monsters are visible.
You are immune to unholy pain and torment.
You can survive without breathing.


Message History

You flicker for a moment.
You start resting.
An orc warrior opens the door.
It is wielding a +0 spear.
An orc warrior is nearby!
There is an open door here.
You scratch the orc warrior.
The orc warrior is lightly wounded.
The orc warrior barely misses you.
You claw the orc warrior!
The orc warrior is severely wounded.
You mangle the orc warrior!!
You kill the orc warrior!
Yredelemnul accepts your kill.
Your plate armour prevents you from hitting the orc warrior.
You claw the orc warrior!
The orc warrior is moderately wounded.
You flicker back into view.
The orc warrior hits you with a +0 glaive!
You die...
Yredelemnul claims you as an undead slave.

≈≈.................≈≈≈≈≈..
#≈≈...............≈≈#)#≈≈.
##≈...............≈##.##≈.
.o≈...............≈..^.[≈.
o#≈...............≈#∩.##≈.
#≈≈......###......≈≈#.#≈≈.
≈≈....#########....≈≈≈≈≈..
..##.o.....##..........
##..#@#'#..##.........
#..##)#)##..#.........
#.#########.##........
#.')#).!#)'.##........
#.###.8.###.##........
#.')#..)#)'.##........
#o####o####.##.)......
#..##∩o∩##..##........
##..#'''##............


You could see an orc warrior.

Vanquished Creatures
  Pikel (D:5)
  An orc knight (Bailey)
  Maggie (D:6)
  2 hippogriffs
  A spriggan (D:7)
  Eustachio (D:6)
  8 orc warriors
  An ice beast (D:5)
  A sky beast (D:7)
  A phantom (D:4)
  3 slaves (D:5)
  5 ogres
  2 centaurs
  4 big kobolds (Sewer)
  3 bullfrogs (D:6)
  2 scorpions
  3 howler monkeys (D:7)
  2 crimson imps (D:5)
  2 bullfrog zombies
  4 orc priests
  6 orc wizards
  A bullfrog skeleton (D:4)
  2 hounds
  Crazy Yiuf (D:6)
  2 iguanas
  Natasha (thrice) (D:4)
  8 worker ants
  A hound skeleton (D:4)
  A howler monkey zombie (D:7)
  5 adders
  3 gnolls
  A river rat (D:6)
  3 shadow imps
  3 oozes
  An adder skeleton (D:5)
  2 adder zombies (D:5)
  5 worms
  A dart slug (D:1)
  5 leopard geckos
  24 orcs
  8 giant cockroaches
  9 goblins
  5 hobgoblins
  8 jackals
  16 kobolds
  6 quokkas
  6 ball pythons
  10 bats
  2 frilled lizards
  A jackal skeleton (D:6)
  A jackal zombie (D:6)
  A leopard gecko skeleton (D:7)
  A quokka zombie (D:7)
  19 rats
  A spectral orc (D:4)
220 creatures vanquished.

Vanquished Creatures (collateral kills)
  2 bullfrogs (D:6)
  2 orcs (D:6)
  A rat (Sewer)
5 creatures vanquished.

Vanquished Creatures (others)
  A wight (D:6)
  A mummy (D:6)
  A gnoll (D:6)
3 creatures vanquished.

Grand Total: 228 creatures vanquished

Notes
Turn   | Place    | Note
-------+----------+-------------------------------------------
     0 | D:1      | RaHiT the Ghoul Monk began the quest for the Orb.
     0 | D:1      | Reached XP level 1. HP: 19/19 MP: 0/0
   275 | D:1      | Reached XP level 2. HP: 26/26 MP: 1/1
   532 | D:1      | HP: 1/26 [gnoll/+0 club (3)]
   534 | D:1      | Reached skill level 1 in Armour
   534 | D:1      | Reached XP level 3. HP: 2/33 MP: 2/2
  1494 | D:2      | Reached XP level 4. HP: 35/40 MP: 3/3
  2445 | D:4      | Noticed Natasha
  2458 | D:4      | Killed Natasha
  2622 | D:4      | Reached XP level 5. HP: 19/47 MP: 4/4
  2806 | D:4      | Noticed an ogre
  2811 | D:4      | Killed an ogre
  3092 | D:4      | Reached skill level 5 in Fighting
  3092 | D:4      | Reached XP level 6. HP: 53/56 MP: 5/5
  3106 | D:4      | Reached skill level 5 in Unarmed Combat
  3171 | D:4      | Found an opulent altar of Gozag.
  3172 | D:4      | Found a sparkling altar of Nemelex Xobeh.
  3182 | D:4      | Noticed Natasha
  3391 | D:4      | Killed Natasha
  3426 | D:4      | Reached XP level 7. HP: 61/61 MP: 6/6
  3601 | D:4      | Found a basalt altar of Yredelemnul.
  3611 | D:4      | Became a worshipper of Yredelemnul the Dark
  3611 | D:4      | Reached * piety under Yredelemnul
  3611 | D:4      | Reached ** piety under Yredelemnul
  3929 | D:5      | Entered Level 5 of the Dungeon
  4050 | D:4      | Noticed Natasha
  4064 | D:4      | Killed Natasha
  4480 | D:5      | Noticed Pikel
  4506 | D:5      | Killed Pikel
  4506 | D:5      | Reached XP level 8. HP: 58/73 MP: 6/8
  4575 | D:5      | Reached skill level 5 in Armour
  4983 | D:6      | Noticed Maggie
  5035 | D:6      | Noticed Eustachio
  5210 | D:6      | Found a glowing drain.
  5214 | Sewer    | Entered a sewer
  5306 | Sewer    | Reached *** piety under Yredelemnul
  5331 | Sewer    | Reached XP level 9. HP: 76/79 MP: 10/10
  5683 | D:6      | Received a gift from Yredelemnul (a mummy)
  5862 | D:6      | Killed Maggie
  5862 | D:6      | Reached skill level 5 in Invocations
  6029 | D:6      | Found a runed translucent door.
  6030 | D:6      | Noticed Crazy Yiuf
  6036 | D:6      | Killed Crazy Yiuf
  6087 | D:6      | Received a gift from Yredelemnul (a wight)
  6098 | D:6      | Killed Eustachio
  6329 | D:6      | Found a staircase to the Ecumenical Temple.
  6351 | D:6      | Reached XP level 10. HP: 23/90 MP: 13/13
  6380 | Temple   | Entered the Ecumenical Temple
  6658 | D:7      | Found a runed translucent gate.
  6658 | D:7      | Found a runed translucent gate.
  6658 | D:7      | Found a runed translucent gate.
  6715 | D:7      | Reached **** piety under Yredelemnul
  7001 | D:7      | Found a bloodstained altar of Trog.
  7018 | D:7      | Reached skill level 1 in Throwing
  7522 | D:7      | Noticed Masnef's ghost (novice OgSk)
  7758 | D:8      | Found a flagged portal.
  7790 | Bailey   | Entered a bailey
  9199 | Bailey   | Noticed an orc knight
  9211 | Bailey   | Killed an orc knight
  9239 | Bailey   | Slain by an orc warrior

Illustrated notes

Levels and vault maps discovered:
D:1:      dpeg_arrival_ratfight, layout_basic, nrook_mini_vaults,
          minmay_rat_gold_closets
D:2:      layout_rooms
D:3:      layout_loops_ring
D:4:      layout_gridville, yredelemnul_forgotten_temple_becter,
          grunt_temple_overflow_opulence, first_ration, minmay_misc_feat_plants,
          chequers_serial_rivers_large_b, uniq_natasha
D:5:      layout_loops_ring, grunt_ministairs_2, uniq_pikel
D:6:      layout_rooms, minmay_temple_entry_fiery, gup_sewer_entry_spiral,
          uniq_eustachio, uniq_crazy_yiuf_cottage, uniq_maggie
D:7:      layout_basic, bloody_trog, gammafunk_ghost_icy,
          minmay_misc_feat_cross, the_bakery
D:8:      layout_basic, grunt_temple_overflow_growth_and_decay,
          nicolae_tso_besieged_by_evil, nicolae_ru_sacrificial_ziggurat,
          david_lair_generic, basic_altar, enter_bailey_3, uniq_erica
Temple:   minmay_temple_curvy_loop
Bailey:   bailey_polearm_2, bailey

Skill      XL: |  1  2  3  4  5  6  7  8  9 10 |
---------------+-------------------------------+-----
Armour         | 1 2 3 4 5 6 7 |  7.5
Fighting       | 4 5 7 8 9 |  9.5
Unarmed Combat | 4 5 6 7 8 9 |  9.5
Invocations    | 2 3 5 6 |  6.0
Throwing       | 2 |  2.8
Dodging        | |  2.6
Stealth        | |  2.1

Action                   |  1- 3 |  4- 6 |  7- 9 | 10-12 || total
-------------------------+-------+-------+-------+-------++-------
Melee: Unarmed           |   109 |   184 |   526 |   182 ||  1001
       Punch             |       |     3 |    11 |     3 ||    17
Throw: Dart              |       |       |     8 |    25 ||    33
       Boomerang         |       |       |       |    21 ||    21
Invok: Animate Dead      |       |       |     1 |       ||     1
  Use: Scroll            |     5 |     3 |    10 |     1 ||    19
       Potion            |       |     1 |     3 |     5 ||     9
 Stab: Sleeping          |     3 |       |       |       ||     3
       Invisible         |       |       |       |     1 ||     1
  Eat: Chunk             |     8 |     9 |    43 |    20 ||    80
       Ration            |       |       |       |     1 ||     1
Armor: Robe              |     3 |       |       |       ||     3
       Ring mail         |    29 |     1 |       |       ||    30
       Plate armour      |       |   137 |   399 |   135 ||   671
Dodge: Dodged            |    46 |    46 |   162 |    79 ||   333

Table legend:
 A = Non-vault XP
 B = Vault XP
 C = Vault XP percentage of total XP
 D = Non-vault monster count
 E = Vault monster count
 F = Vault count percentage of total count
                 A         B        C        D         E       F
            +---------+---------+-------+---------+---------+-------
      Total |    4084 |    3560 |  46.6 |     150 |      72 |  32.4
            +---------+---------+-------+---------+---------+-------
        D:1 |      52 |      12 |  18.8 |      21 |      12 |  36.4
        D:2 |      19 |       0 |   0.0 |      10 |       0 |   0.0
        D:3 |      27 |       0 |   0.0 |      13 |       0 |   0.0
        D:4 |     692 |      36 |   4.9 |      27 |       2 |   6.9
        D:5 |     713 |     713 |  50.0 |      21 |       2 |   8.7
        D:6 |    1350 |     709 |  34.4 |      34 |      11 |  24.4
        D:7 |     988 |     229 |  18.8 |      23 |       1 |   4.2
        D:8 |     243 |       7 |   2.8 |       1 |       4 |  80.0
      Sewer |       0 |     434 | 100.0 |       0 |      24 | 100.0
     Bailey |       0 |    1420 | 100.0 |       0 |      16 | 100.0
            +---------+---------+-------+---------+---------+-------
